 Dungeon Crawl Stone Soup version 0.28.0-53-g5a82cb258f (webtiles) character file.

Game seed: 2399482995498424619

1878 ILmort the Fighter (level 8, -5/80 HPs)
             Began as a Minotaur Fighter on Aug 6, 2022.
             Was a Believer of the Shining One.
             Slain by Duvessa
             ... wielding a +1 rapier of protection
              (8 damage)
             ... on level 7 of the Dungeon.
             The game lasted 00:20:08 (6423 turns).

ILmort the Fighter (Minotaur Fighter)               Turns: 6423, Time: 00:20:09

Health: -5/80      AC: 16    Str: 22    XL:     8   Next: 91%
Magic:  7/7        EV:  6    Int:  5    God:    the Shining One [**....]
Gold:   562        SH:  4    Dex: 11    Spells: 7/7 levels left

rFire   . . .      SeeInvis .   a - +0 war axe
rCold   . . .      Faith    .   c - +0 buckler
rNeg    + . .      Spirit   .   t - +0 plate armour
rPois   .          Reflect  .   (helmet restricted)
rElec   .          Harm     .   p - +0 cloak
rCorr   +          Rampage  .   (no gloves)
Will    .....                   (no boots)
Stlth   ..........              (no amulet)
HPRegen 0.23/turn               f - +4 ring of protection
MPRegen 0.10/turn               n - ring of resist corrosion

@: glowing
A: horns 2, retaliatory headbutt
a: Renounce Religion, Divine Shield


You were on level 7 of the Dungeon.
You worshipped the Shining One.
The Shining One was pleased with you.
You visited 1 branch of the dungeon, and saw 7 of its levels.
You also visited: Ossuary.

You collected 562 gold pieces.

Inventory:

Hand Weapons
 a - a +0 war axe (weapon)
Missiles
 z - a throwing net (quivered)
Armour
 c - a +0 buckler (worn)
 i - a +2 ring mail of poison resistance
 p - a +0 cloak (worn)
 t - a +0 plate armour (worn)
Jewellery
 f - a +4 ring of protection (left hand)
 n - a ring of resist corrosion (right hand)
 s - a ring of fire
Scrolls
 h - 3 scrolls of identify
 y - 2 scrolls of vulnerability {unknown}
 A - a scroll of fog
 B - a scroll of blinking {unknown}
 C - a scroll of enchant armour {unknown}
Potions
 b - 3 potions of flight {unknown}
 d - a potion of might
 g - a potion of haste
 j - a potion of cancellation {unknown}
 k - 3 potions of brilliance {unknown}
 l - a potion of berserk rage {unknown}
 m - a potion of invisibility {unknown}
 o - 4 potions of lignification
 q - a potion of curing {unknown}
 r - a potion of heal wounds
 u - a potion of magic {unknown}
 v - a potion of degeneration {unknown}
 x - 2 potions of attraction {unknown}


   Skills:
 + Level 10.4 Fighting
 + Level 10.1 Axes
 - Level 3.6 Armour
 - Level 3.6 Shields


You had 7 spell levels left.
You didn't know any spells.
Your spell library contained the following spells:

 Spells                   Type           Power      Damage    Failure   Level
 Summon Guardian Golem    Hex/Summ       0%         N/A       100%        3
 Orb of Destruction       Conj           0%         9d5       100%        7
 Spellforged Servitor     Conj/Summ      0%         N/A       100%        7


Dungeon Overview and Level Annotations

Branches:
Dungeon (7/15)             Temple (0/1) D:6         Ossuary (visited)

Altars:
Fedhas
Nemelex Xobeh
Okawaru
Trog
Vehumet
Zin
The Shining One

Shops:
D:5 =

Annotations:
D:7 Duvessa


Innate Abilities, Weirdness & Mutations

You have a pair of horns on your head.
You reflexively headbutt those who attack you in melee.


Message History

* * * LOW HITPOINT WARNING * * *
You slash Duvessa! Your headbutt misses Duvessa.
Duvessa is moderately wounded.
You hit the centaur but do no damage. Duvessa hits you but does no damage.
The centaur hits you but does no damage.
The centaur kicks you but does no damage.
As you read the scroll of teleportation, it crumbles to dust.
You feel strangely unstable.
Duvessa hits you with a +1 rapier of protection.
* * * LOW HITPOINT WARNING * * *
The centaur hits you but does no damage.
The centaur kicks you but does no damage.
Duvessa hits you but does no damage. The centaur barely misses you.
You furiously retaliate!
You headbutt the centaur.
The centaur kicks you but does no damage.
The centaur hits you but does no damage.
The centaur kicks you but does no damage.
There is an open door here.
Duvessa hits you with a +1 rapier of protection.
* * * LOW HITPOINT WARNING * * *
Your surroundings suddenly seem different.
You start resting.
You hear a shout! x3
Duvessa is nearby!
Okay, then.
You start resting.
You hear a shout!
Duvessa is nearby!
Okay, then.
You feel much better.
You hit Duvessa. You headbutt Duvessa, but do no damage.
Duvessa is moderately wounded.
Duvessa hits you with a +1 rapier of protection!
* * * LOW HITPOINT WARNING * * *
Duvessa hits you but does no damage.
As you read the scroll of fear, it crumbles to dust.
You assume a fearsome visage.
Duvessa is unaffected.
The centaur looks frightened!
Duvessa hits you with a +1 rapier of protection!
You die...

#...#.#.....##
#...#............#
#...#...#.#.#
#...#.########....
#...##..#.#.. ..#.# #....
#...##..#e#######..#.# #....
##'###..#..........#.# #....
#.#
##.#......c...#.########....
##e##
#(.#.#...#..(#........'....
..c.#
#..#.#...#e..##########....
.)..# #....#.#.#@..# #....
....###.#..#.#.#...# #....
....+......#.#.#...# #....
....###..#.#...#...# #....
##### #..#.....#...######
#.... #..#.....#........###
###'# #..#........###.....#
#.# #..#.#.#.##.#
#.....#####.#
........###.###.....##[...#


You could see Duvessa (berserk) and a centaur (fleeing).

Vanquished Creatures
  A steam dragon (D:7)
  2 ice beasts (D:6)
  A black bear (D:6)
  2 ogres
  A phantom (D:5)
  A bullfrog (D:6)
  A gnoll sergeant (D:6)
  A wyvern zombie (D:7)
  2 scorpions
  Dowan (D:7)
  2 hounds
  A bullfrog zombie (D:6)
  3 jellies
  An orc priest (D:5)
  A centaur zombie (D:5)
  A gnoll shaman (D:5)
  A bullfrog skeleton (D:5)
  3 iguanas
  3 orc wizards
  8 mummies (Ossuary)
  6 adders
  15 gnolls
  A shadow imp (D:5)
  A white imp (D:6)
  2 ufetubi (D:4)
  An adder skeleton (D:4)
  3 worms
  A dart slug (D:1)
  10 orcs
  6 ball pythons
  8 endoplasms
  8 giant cockroaches
  A gnoll zombie (Ossuary)
  6 goblins
  7 hobgoblins
  4 jackals (D:1)
  2 kobolds (D:1)
  2 quokkas (D:4)
  9 bats
  2 hobgoblin zombies (Ossuary)
  2 kobold zombies (Ossuary)
  3 orc zombies (Ossuary)
  4 rats
141 creatures vanquished.

Vanquished Creatures (others)
  An orc (D:7)
1 creature vanquished.

Grand Total: 142 creatures vanquished

Notes
Turn   | Place    | Note
-------+----------+-------------------------------------------
     0 | D:1      | ILmort the Minotaur Fighter began the quest for the Orb.
     0 | D:1      | Reached XP level 1. HP: 19/19 MP: 0/0
    22 | D:1      | Found a faded altar of an unknown god.
   164 | D:1      | Reached XP level 2. HP: 27/27 MP: 1/1
   639 | D:1      | Reached XP level 3. HP: 32/34 MP: 2/2
  1400 | D:2      | Found a glowing silver altar of Zin.
  1777 | D:3      | Reached XP level 4. HP: 41/41 MP: 3/3
  1833 | D:3      | Reached skill level 5 in Fighting
  2103 | D:3      | Identified the +7 dagger of Untruth {vorpal, rF++ Int+4}
  2204 | D:3      | Found a glowing golden altar of the Shining One.
  2207 | D:3      | Became a worshipper of the Shining One
  2559 | D:4      | Reached XP level 5. HP: 48/48 MP: 4/4
  2748 | D:4      | Reached skill level 5 in Axes
  2757 | D:4      | Noticed an ogre
  2767 | D:4      | Killed an ogre
  2768 | D:4      | Reached XP level 6. HP: 43/58 MP: 5/5
  3311 | D:5      | Entered Level 5 of the Dungeon
  3319 | D:5      | Found Jatah's Jewellery Shop.
  3681 | D:5      | Reached XP level 7. HP: 66/66 MP: 6/6
  3872 | D:5      | Found a sand-covered staircase.
  3877 | Ossuary  | Entered an ossuary
  3879 | Ossuary  | Reached * piety under the Shining One
  4033 | Ossuary  | Reached ** piety under the Shining One
  4377 | D:5      | Found a bloodstained altar of Trog.
  4749 | D:6      | Found a sparkling altar of Nemelex Xobeh.
  4772 | D:6      | Reached XP level 8. HP: 74/75 MP: 7/7
  4793 | D:6      | Found a staircase to the Ecumenical Temple.
  5319 | D:6      | Found a radiant altar of Vehumet.
  5774 | D:7      | Reached skill level 10 in Fighting
  6120 | D:7      | Found a large runed translucent door.
  6124 | D:7      | Found a large runed translucent door.
  6207 | D:7      | Found an iron altar of Okawaru.
  6212 | D:7      | Found a blossoming altar of Fedhas.
  6310 | D:7      | Reached skill level 10 in Axes
  6394 | D:7      | Noticed Duvessa
  6394 | D:7      | Noticed Dowan
  6398 | D:7      | Killed Dowan
  6405 | D:7      | HP: 2/80 [Duvessa/+1 rapier of protection (5)]
  6422 | D:7      | HP: 3/80 [Duvessa/+1 rapier of protection (13)]
  6423 | D:7      | Slain by Duvessa

Illustrated notes

Levels and vault maps discovered:
D:1:      minmay_arrival_jagged, layout_basic,
          hellmonk_ecumenical_altar_heavens_door
D:2:      layout_basic, basic_altar
D:3:      layout_basic, tso_oasis_becter, nicolae_underground_beach
D:4:      layout_loops_ring, chequers_serial_rivers_small_a, minmay_bisected
D:5:      layout_cave_pools, trog_three_pillars_becter, enter_ossuary_2,
          serial_shops, shop_statue
D:6:      layout_gridville, nemelex_spade_bored_becter,
          mainiacjoe_overflow_24_doors, minmay_temple_entry_crystal_x
D:7:      layout_basic, kennysheep_mini, jmf_multi_god_temple2,
          serial_bayou_pond_c, uniq_duvessa

Skill      XL: |  1  2  3  4  5  6  7  8 |
---------------+-------------------------+-----
Fighting       | 4 5 6 7 8 10 | 10.4
Axes           | 3 4 6 8 10 | 10.1
Armour         | |  3.6
Shields        | |  3.6

Action                   |  1- 3 |  4- 6 |  7- 9 || total
-------------------------+-------+-------+-------++-------
Melee: War axe           |    71 |    85 |   134 ||   290
       Headbutt          |    14 |    15 |    34 ||    63
  Use: Scroll            |       |     7 |     3 ||    10
       Potion            |       |       |     1 ||     1
Armor: Scale mail        |    10 |       |       ||    10
       Ring mail         |    25 |       |       ||    25
       Skin              |     1 |       |       ||     1
       Chain mail        |       |    24 |       ||    24
       Plate armour      |       |    55 |    97 ||   152
Dodge: Dodged            |    48 |    38 |    44 ||   130
Block: Buckler           |    17 |    28 |    32 ||    77
